 Dungeon Crawl Stone Soup version 0.23-a0-143-g1adec7b (webtiles) character file.

217 Deeps the Slinger (level 6, 0/58 HPs)
             Began as a Halfling Hunter on Sept 6, 2018.
             Slain by a goblin
             ... wielding a +3 dagger
             ... led by Robin
              (2 damage)
             ... on level 3 of the Dungeon.
             The game lasted 00:02:56 (1668 turns).

Deeps the Slinger (Halfling Hunter)                 Turns: 1668, Time: 00:02:56

Health: 0/58       AC:  4    Str: 20    XL:     6   Next: 16%
Magic:  6/6        EV: 14    Int:  9    God:
Gold:   70         SH:  0    Dex: 15    Spells: 5/5 levels left

rFire    . . .     SeeInvis .   b - +0 short sword
rCold    . . .     Gourm    .   (shield restricted)
rNeg     . . .     Faith    .   c - +0 leather armour
rPois    .         Spirit   .   (no helmet)
rElec    .         Reflect  .   i - +0 cloak
rCorr    .         Harm     .   (no gloves)
MR       .....                  (no boots)
Stlth    ..........             (no amulet)
HPRegen  0.19/turn              (no ring)
MPRegen  0.10/turn              (no ring)

@: berserking, very quick
A: small, mutation resistance 1
a: no special abilities


You were on level 3 of the Dungeon.
You were not hungry.

You visited 1 branch of the dungeon, and saw 3 of its levels.

You collected 70 gold pieces.

Inventory:

Hand Weapons
 a - a +1 hunting sling
 b - a +0 short sword (weapon)
Missiles
 h - 77 stones (quivered)
Armour
 c - a +0 leather armour (worn)
 i - a +0 cloak (worn)
   (You found it on level 1 of the Dungeon)
Scrolls
 e - a scroll of magic mapping {unknown}
 j - a scroll of enchant weapon {unknown}
 l - 3 scrolls of identify {unknown}
 m - a scroll of fog {unknown}
 o - 2 scrolls of teleportation {unknown}
 p - a scroll of immolation {unknown}
Potions
 k - a potion of ambrosia {unknown}
 n - a potion of heal wounds {unknown}
 q - a potion of agility
Comestibles
 f - 6 rations {@e1}


   Skills:
 - Level 1.7 Fighting
 + Level 9.6 Slings
 + Level 1.7 Armour
 - Level 2.1 Dodging
 - Level 1.1 Stealth


You had 5 spell levels left.
You didn't know any spells.
Your spell library was empty.

Dungeon Overview and Level Annotations

Branches:
Dungeon (3/15)

Altars:
Xom

Annotations:
D:3 Robin


Innate Abilities, Weirdness & Mutations

You are small and have problems with some larger weapons.
You are somewhat resistant to further mutation.


Message History

Firing (i - inventory. (/) - cycle)
d - 4 sling bullets (quivered)
Aim: a goblin You shoot a sling bullet.
The sling bullet hits the goblin!
You kill the goblin!
The goblin closely misses you.
Firing (i - inventory. (/) - cycle)
d - 3 sling bullets (quivered)
Aim: a goblin You shoot a sling bullet.
The sling bullet hits the goblin.
You kill the goblin!
Firing (i - inventory. (/) - cycle)
d - 2 sling bullets (quivered)
Aim: a goblin, wielding a dagger You shoot a sling bullet.
The sling bullet closely misses the goblin.
A goblin comes into view.
Firing (i - inventory. (/) - cycle)
d - a sling bullet (quivered)
Aim: a goblin, wielding a dagger You shoot a sling bullet.
The goblin shouts!
The sling bullet hits the goblin.
You kill the goblin!
You hear a shout!
The goblin shoots a stone.
The stone completely misses you.
Firing (i - inventory)
h - 88 stones (quivered)
Aim: a goblin, wielding a hunting sling You shoot a stone.
The stone barely misses the goblin.
The goblin shoots a stone.
The stone barely misses you.
Firing (i - inventory)
h - 87 stones (quivered)
Aim: a goblin, wielding a hunting sling You shoot a stone.
The stone completely misses Robin.
Robin closely misses you.
Firing (i - inventory)
h - 86 stones (quivered)
Aim: Robin, wielding a spear of piercing, wearing an animal skin and wearing a You shoot a stone.
The stone barely misses Robin.
Robin barely misses you.
Firing (i - inventory)
h - 85 stones (quivered)
Aim: Robin, wielding a spear of piercing, wearing an animal skin and wearing a You shoot a stone.
The stone hits Robin.
The goblin shoots a stone.
The stone hits you.
You take 4 damage, and have 35/39 hp.
Firing (i - inventory)
h - 84 stones (quivered)
Aim: Robin, wielding a spear of piercing, wearing an animal skin and wearing a You shoot a stone.
The stone barely misses Robin.
Robin throws the goblin at you!
The goblin unwields an uncursed hunting sling.
The goblin wields an uncursed enchanted dagger.
The goblin hits you with an uncursed enchanted dagger.
Firing (i - inventory)
h - 83 stones (quivered)
Aim: Robin, wielding a spear of piercing, wearing an animal skin and wearing a You shoot a stone.
The stone closely misses the goblin.
Robin closely misses you.
You take 4 damage, and have 31/39 hp.
Firing (i - inventory)
h - 82 stones (quivered)
Aim: a goblin, wielding an enchanted dagger You shoot a stone.
The stone hits the goblin but does no damage.
The goblin hits you but does no damage. x2
Robin hits you from afar with a spear of piercing!
You take 12 damage, and have 19/39 hp.
MASSIVE DAMAGE!!
You are too injured to fight recklessly!
You are too injured to fight recklessly!
Unknown command.
Firing (i - inventory)
h - 81 stones (quivered)
Aim: a goblin You shoot a stone.
The stone hits the goblin.
The goblin barely misses you.
Firing (i - inventory)
h - 80 stones (quivered)
Aim: a goblin (moderately wounded)
You shoot a stone. The stone barely misses the goblin.
The goblin hits you with an uncursed enchanted dagger.
Robin hits you from afar with a spear of piercing!
* * * LOW HITPOINT WARNING * * *
x2 Firing (i - inventory)
h - 79 stones (quivered)
Aim: a goblin (moderately wounded)
You shoot a stone. The stone misses the goblin.
The goblin barely misses you. The goblin misses you.
Robin hits you from afar with a spear of piercing.
* * * LOW HITPOINT WARNING * * *
x2 Firing (i - inventory)
h - 78 stones (quivered)
Aim: a goblin (moderately wounded)
You shoot a stone. The stone hits the goblin.
The goblin hits you but does no damage. x2
You take 18 damage, and have 1/39 hp.
MASSIVE DAMAGE!!
Unknown command.
It was a potion of berserk rage.
A red film seems to cover your vision as you go berserk!
You feel yourself moving faster!
You feel mighty! Robin hits you but does no damage. The goblin misses you.
The goblin hits you but does no damage.
You now have 1/58 hp.
Unknown command.
You are too berserk!
You are too injured to fight recklessly!
You are too berserk!
Really attack while wielding your +1 hunting sling?
Okay, then.
Wield which item (- for none, * to show all)? (? for menu, Esc to quit)
b - a +0 short sword (weapon)
Robin hits you but does no damage.
You barely miss the goblin. The goblin hits you but does no damage.
The goblin hits you with an uncursed enchanted dagger.
You die...

.....................
...........#.........
......#..#.###.......
#................##
.....#.....##....#
.....+.....#<(...#
.....#...........#
.....#......((.gg+
.....#.........#@#
...gg#.........#)#
..........>.g..g.#
.#.####.....####.#######
...# #.....g..(........
...# ####..............
(..# #..............
.... #.............. ..#
#..............


You could see Robin and 2 goblins.

Vanquished Creatures
  An ice beast (D:2)
  6 adders
  An ooze (D:1)
  A worm (D:2)
  2 dart slugs
  2 leopard geckos (D:1)
  2 bats
  9 goblins
  10 hobgoblins
  5 jackals (D:2)
  6 kobolds
  4 frilled lizards
  6 rats
55 creatures vanquished.

Notes
Turn   | Place    | Note
-------+----------+-------------------------------------------
     0 | D:1      | Deeps the Halfling Hunter began the quest for the Orb.
     0 | D:1      | Reached XP level 1. HP: 14/14 MP: 1/1
    58 | D:1      | Reached skill level 6 in Slings
   103 | D:1      | Reached XP level 2. HP: 19/19 MP: 2/2
   273 | D:1      | Reached skill level 7 in Slings
   273 | D:1      | Reached XP level 3. HP: 24/24 MP: 3/3
   699 | D:2      | Found a shimmering altar of Xom.
   720 | D:2      | Reached XP level 4. HP: 29/29 MP: 4/4
   755 | D:2      | Noticed an ice beast
   778 | D:2      | Killed an ice beast
   778 | D:2      | Reached skill level 9 in Slings
   778 | D:2      | Reached skill level 1 in Armour
   778 | D:2      | Reached XP level 5. HP: 19/34 MP: 5/5
  1300 | D:2      | Found a faded altar of an unknown god.
  1566 | D:3      | Reached XP level 6. HP: 39/39 MP: 6/6
  1613 | D:3      | Noticed Robin
  1663 | D:3      | HP: 9/39 [Robin/spear of piercing (1)]
  1664 | D:3      | HP: 3/39 [Robin/spear of piercing (6)]
  1664 | D:3      | HP: 1/39 [Robin/spear of piercing (2)]
  1668 | D:3      | Slain by a goblin

Vault maps used:
D:1:      co_arrival_random_square_maze
D:2:      chequers_ecumenical_altar_simple, xom_teletrap_fun
D:3:      lemuel_doored_altar, first_ration, kennysheep_generic_room_10,
          uniq_robin

Skill      XL: |  1  2  3  4 |
---------------+-------------+-----
Slings         | 6 7 9 |  9.6
Armour         | 1 |  1.7
Fighting       | |  1.7
Dodging        | |  2.1
Stealth        | |  1.1

Action                   |  1- 3 |  4- 6 || total
-------------------------+-------+-------++-------
Melee: Short sword       |       |     1 ||     1
 Fire: Hunting sling     |    71 |    88 ||   159
  Use: Potion            |       |     1 ||     1
  Eat: Chunk             |       |     2 ||     2
Armor: Leather armour    |       |    18 ||    18
Dodge: Dodged            |    13 |    22 ||    35

Table legend:
 A = Non-vault XP
 B = Vault XP
 C = Vault XP percentage of total XP
 D = Non-vault monster count
 E = Vault monster count
 F = Vault count percentage of total count
                 A         B        C        D         E       F
            +---------+---------+-------+---------+---------+-------
      Total |     294 |      17 |   5.5 |      46 |       9 |  16.4
            +---------+---------+-------+---------+---------+-------
        D:1 |      52 |       0 |   0.0 |      25 |       0 |   0.0
        D:2 |     199 |       0 |   0.0 |      17 |       0 |   0.0
        D:3 |      43 |      17 |  28.3 |       4 |       9 |  69.2
            +---------+---------+-------+---------+---------+-------

Vault maps used:
D:1:      co_arrival_random_square_maze
D:2:      chequers_ecumenical_altar_simple, xom_teletrap_fun
D:3:      lemuel_doored_altar, first_ration, kennysheep_generic_room_10,
          uniq_robin

Table legend:
 A = Turns spent in this place as a percentage of turns spent in the entire game.
 B = Non-inter-level travel turns spent in this place as a percentage of non-inter-level travel turns spent in the entire game.
 C = Inter-level travel turns spent in this place as a percentage of turns spent in this place.
 D = Turns resting spent in this place as a percentage of non-inter-level travel turns spent in this place.
 E = Turns spent auto-exploring this place as a percentage of non-inter-level travel turns spent in this place.
 F = Non-inter-level travel turns spent in this place divided by the number of levels of this place that you've seen.
                   A       B       C       D       E      F
               +-------+-------+-------+-------+-------+----------------------
         Total | 100.0 | 100.0 |   3.1 |  21.5 |  62.3 | 538.7
       Dungeon | 100.0 | 100.0 |   3.1 |  21.5 |  62.3 | 538.7
               +-------+-------+-------+-------+-------+----------------------

Table legend:
 A = Kills in this place as a percentage of kills in entire the game.
 B = Kills by you in this place as a percentage of kills by you in the entire game.
 C = Kills by friends in this place as a percentage of kills by friends in the entire game.
 D = Other kills in this place as a percentage of other kills in the entire game.
 E = Experience gained in this place as a percentage of experience gained in the entire game.
 F = Experience gained in this place divided by the number of levels of this place that you have seen.
                   A       B       C       D       E      F
               +-------+-------+-------+-------+-------+----------------------
         Total | 100.0 | 100.0 |   N/A |   N/A | 100.0 | 103.7
       Dungeon | 100.0 | 100.0 |   N/A |   N/A | 100.0 | 103.7
               +-------+-------+-------+-------+-------+----------------------
